 Dungeon Crawl Stone Soup version 0.28-a0-631-g0446da8ef9 (webtiles) character file.

Game seed: 16271000499317054734

673 omnomnOMINOUS the Ducker (level 7, 0/49 HPs)
             Began as an Octopode Wanderer on Oct 9, 2021.
             Was a High Priest of Ignis.
             Slain by Ijyb (2 damage)
             ... while paralysed by Ijyb
             ... on level 4 of the Dungeon.
             The game lasted 00:07:21 (4769 turns).

omnomnOMINOUS the Ducker (Octopode Wanderer)        Turns: 4769, Time: 00:07:21

Health: 0/49       AC:  1    Str: 10    XL:     7   Next: 59%
Magic:  13/13      EV:  2    Int: 17    God:    Ignis [*****.]
Gold:   199        SH:  0    Dex: 12    Spells: 13/14 levels left

rFire   + . .      SeeInvis .   a - +2 short sword (speed)
rCold   . . .      Faith    .   (no shield)
rNeg    . . .      Spirit   .   (helmet restricted)
rPois   .          Reflect  .   d - amulet of magic regeneration
rElec   .          Harm     .   i - ring of flight
rCorr   .          Rampage  .   (no ring)
Will    .....                   (no ring)
Stlth   ++........              (no ring)
HPRegen 0.16/turn               (no ring)
MPRegen 0.38/turn               (no ring)
                                (no ring)
                                (no ring)

@: paralysed, lethally poisoned (0 -> -2), flying
A: almost no armour, amphibious, 8 rings, camouflage 1, gelatinous body 1,
(nimble swimmer 1), tentacles
a: Renounce Religion, Sea of Fire, Foxfire Swarm, Rising Flame


You were on level 4 of the Dungeon.
You worshipped Ignis.
Ignis was extremely pleased with you.
You visited 1 branch of the dungeon, and saw 4 of its levels.

You collected 199 gold pieces.

Inventory:

Hand Weapons
 a - a +2 short sword of speed (weapon)
 b - a +0 short sword of venom
 o - a +2 spear
Missiles
 s - a throwing net
Jewellery
 d - an amulet of magic regeneration (around mantle)
 i - a ring of flight (left tentacle)
Wands
 r - a wand of flame (18)
Scrolls
 c - a scroll of noise {unknown}
 g - a scroll of amnesia {unknown}
 h - a scroll of enchant armour {unknown}
 k - a scroll of identify {unknown}
 m - a scroll of immolation {unknown}
 q - a scroll of teleportation {unknown}
Potions
 e - a potion of heal wounds {unknown}
 f - a potion of curing
 j - a potion of cancellation {unknown}
 l - a potion of berserk rage {unknown}
 n - a potion of haste {unknown}
Miscellaneous
 p - a piece from Xom's chessboard (15/15)


   Skills:
 + Level 4.5 Fighting
 - Level 1.0 Throwing
 + Level 5.1 Dodging
 + Level 4.1 Spellcasting
 - Level 1.0 Earth Magic
 - Level 4.0 Evocations


You had 13 spell levels left.
You knew the following spells:

 Your Spells              Type           Power      Damage    Failure   Level
a - Summon Small Mammal   Summ           12%        N/A       16%         1

Your spell library contained the following spells:

 Spells                   Type           Power      Damage    Failure   Level
 Ensorcelled Hibernation  Hex/Ice        6%         N/A       24%         2
 Spider Form              Tmut/Pois      1%         N/A       43%         3
 Summon Guardian Golem    Hex/Summ       3%         N/A       43%         3


Dungeon Overview and Level Annotations

Branches:
Dungeon (4/15)
 Temple: D:4-7

Altars:
Elyvilon
Makhleb
Xom
Ignis

Annotations:
D:4 Ijyb


Innate Abilities, Weirdness & Mutations

You cannot wear most types of armour.
You are amphibious.
You can wear up to eight rings at the same time.
Your skin changes colour to match your surroundings (Stealth+).
Your rubbery body absorbs attacks. (AC +1, EV +1)
((You are camouflaged near water. (Stealth+)))
You have tentacles for arms and can constrict up to eight enemies at once.


Message History

You constrict Ijyb. The adder misses you. Ijyb barely misses you.
You hit Ijyb but do no damage. You squeeze Ijyb.
Ijyb is heavily wounded.
You constrict Ijyb. The adder bites you.
You are poisoned.
The adder poisons you!
Ijyb zaps a wand.
You suddenly lose the ability to move!
You lose your grip on Ijyb.
You feel sick. The adder barely misses you.
Ijyb zaps a wand.
You resist with some effort. The adder bites you.
You feel sick. The adder bites you. Ijyb hits you with a +0 club.
You feel sick. The adder bites you. Ijyb hits you with a +0 club.
You feel sick. The adder bites you. Ijyb hits you with a +0 club.
The adder bites you.
* * * LOW HITPOINT WARNING * * *
You feel sick. The adder bites you.
* * * LOW HITPOINT WARNING * * *
Ijyb zaps a wand.
You shrug off the repeated paralysis!
You can move again.
It was a potion of curing.
You feel better. The adder misses you. Ijyb hits you with a +0 club.
You puncture the adder! Your grab misses the adder.
The adder is heavily wounded.
The adder closely misses you.
You barely miss the adder. Your grab misses the adder.
The adder is heavily wounded.
The adder barely misses you.
Ijyb zaps a wand.
You suddenly lose the ability to move!
The adder bites you.
* * * LOW HITPOINT WARNING * * *
You are poisoned.
The adder poisons you!
Ijyb zaps a wand.
You resist with some effort. The adder bites you.
* * * LOW HITPOINT WARNING * * *
You feel sick. Ijyb hits you with a +0 club.
* * * LOW HITPOINT WARNING * * *
The adder bites you.
* * * LOW HITPOINT WARNING * * *
* * * LOW HITPOINT WARNING * * *
You feel sick. Ijyb hits you with a +0 club.
You die...

..#......#
###########.......#.
..#....#####
#######...###....##g
..#....# ...
....#......#....#..
###....# ...
....#......#....#..
.......# #..
#..##.##..#....#'#
...#####
.##..##..######'#....)..
...#
................#.......
...#
......g.........'.......
...#
......S@........#.......
...#
................#.......
...##'
########'#####.'#.......
........ ....
###.######## ........
...... #⌠#.#⌠# ........
.........#.....#
........
.........#.._..#
........
.........#.....#
...##### #######


You could see Ijyb and an adder.

Vanquished Creatures
  Grinder (D:3)
  2 phantoms (D:4)
  A scorpion (D:4)
  A water moccasin skeleton (D:4)
  Natasha (D:3)
  Robin (D:3)
  2 adders
  4 gnolls
  2 worms
  3 dart slugs
  8 orcs
  11 ball pythons
  7 endoplasms
  3 giant cockroaches
  18 goblins
  9 hobgoblins
  8 jackals
  5 kobolds
  6 quokkas
  9 bats
  6 frilled lizards
  7 rats
115 creatures vanquished.

Notes
Turn   | Place    | Note
-------+----------+-------------------------------------------
     0 | D:1      | omnomnOMINOUS the Octopode Wanderer began the quest for the
                  | Orb.
     0 | D:1      | omnomnOMINOUS set off with the following items: a +2 spear,
                  | a +0 short sword; and the following spell memorised: Summon
                  | Small Mammal; and the following spells available to
                  | memorise: Summon Guardian Golem
     0 | D:1      | Reached XP level 1. HP: 14/14 MP: 3/3
   189 | D:1      | Reached XP level 2. HP: 19/19 MP: 5/5
   703 | D:1      | Reached XP level 3. HP: 22/25 MP: 6/6
   920 | D:1      | Found a faded altar of an unknown god.
   925 | D:1      | Became a worshipper of Ignis, the Dying Flame
  1363 | D:2      | Reached XP level 4. HP: 19/30 MP: 7/7
  2923 | D:3      | Noticed Natasha
  2933 | D:3      | Killed Natasha
  2934 | D:3      | Reached XP level 5. HP: 29/36 MP: 9/9
  3054 | D:3      | Noticed Grinder
  3070 | D:3      | Killed Grinder
  3071 | D:3      | Reached skill level 4 in Dodging
  3071 | D:3      | Reached XP level 6. HP: 21/43 MP: 9/11
  3255 | D:3      | Noticed Robin
  3266 | D:3      | Killed Robin
  3561 | D:4      | Found a white marble altar of Elyvilon.
  3836 | D:4      | Reached XP level 7. HP: 43/47 MP: 12/12
  4115 | D:4      | Found a shimmering altar of Xom.
  4476 | D:4      | Reached skill level 5 in Dodging
  4733 | D:4      | Found a burning altar of Makhleb.
  4751 | D:4      | Noticed Ijyb
  4758 | D:4      | Paralysed by Ijyb for 5 turns
  4766 | D:4      | Paralysed by Ijyb for 3 turns
  4769 | D:4      | HP: 2/49 [poisoned by an adder]
  4769 | D:4      | Slain by Ijyb

Illustrated notes

Levels and vault maps discovered:
D:1:      tarquinn_simple_flora_water_d, layout_basic,
          chequers_ecumenical_altar_grove, minmay_pentomino_t4
D:2:      minmay_evil_eye, layout_loops_corners, minmay_misc_feat_nine_boxes,
          st_stairs_2
D:3:      layout_rooms, minivault_14, uniq_robin, uniq_grinder, uniq_natasha
D:4:      layout_gridville, mainiacjoe_overflow_boulevard, xom_butterflies,
          mainiacjoe_overflow_alcove_2, lemuel_flame_loot_1, uniq_ijyb

Skill      XL: |  1  2  3  4  5  6  7 |
---------------+----------------------+-----
Evocations     | 2 3 4 |  4.0
Fighting       | 3 4 |  4.5
Dodging        | 4 5 |  5.1
Spellcasting   | 3 4 |  4.1
Throwing       | |  1.0
Earth Magic    | |  1.0

Action                   |  1- 3 |  4- 6 |  7- 9 || total
-------------------------+-------+-------+-------++-------
Melee: Spear             |    40 |       |       ||    40
       Tentacles         |    10 |    21 |     9 ||    40
       Constrict         |    14 |    33 |     9 ||    56
       Short sword       |    41 |   153 |    67 ||   261
 Cast: Summon Small Mamm |     1 |       |       ||     1
  Use: Potion            |       |       |     1 ||     1
 Stab: Sleeping          |     4 |     8 |     1 ||    13
       Distracted        |       |       |     1 ||     1
Armor: Skin              |    10 |     7 |     3 ||    20
Dodge: Dodged            |    51 |    68 |    31 ||   150

Table legend: (Time is in decaauts)
 A = Elapsed time spent in this place.
 B = Non-inter-level travel time spent in this place.
 C = Inter-level travel time spent in this place.
 D = Time resting spent in this place.
 E = Time spent auto-exploring this place.
 F = Levels seen in this place.
 G = Mean time per level.
                   A        B        C        D        E       F      G
               +--------+--------+--------+--------+--------+-----+--------+
         Total |   4700 |   4667 |     33 |   1010 |   2857 |   4 | 1175.0 |
       Dungeon |   4700 |   4667 |     33 |   1010 |   2857 |   4 | 1175.0 |
               +--------+--------+--------+--------+--------+-----+--------+

Top non-repeatable levels by time:
     D:2: 1240 daAuts
     D:1: 1237 daAuts
     D:4: 1207 daAuts
     D:3: 1014 daAuts
